 Dungeon Crawl Stone Soup version 0.30-a0-920-g7493c07aab (webtiles) character file.

Game seed: 6061079266907983836

67 tilp the Trooper (level 4, -2/40 HPs)
             Began as a Meteoran Fighter on Mar 21, 2023.
             Slain by a killer bee (5 damage)
             ... on level 4 of the Dungeon.
             The game lasted 00:01:48 (369 turns).

tilp the Trooper (Meteoran Fighter)                  Turns: 369, Time: 00:01:49

Health: -2/40      AC:  6    Str: 17    XL:     4   Next: 65%
Magic:  5/5        EV: 10    Int: 10    God:
Gold:   50         SH:  5    Dex: 15    Spells: 3/3 levels left

rFire   . . .      SeeInvis .    a - +0 long sword
rCold   . . .      Faith    .    c - +0 buckler
rNeg    . . .      Spirit   .    b - +0 scale mail
rPois   .          Reflect  .    (no helmet)
rElec   .          Rampage  .    (no cloak)
rCorr   .                        (no gloves)
Will    .....                    (no boots) Stlth
                                 (no amulet)
HPRegen 0.26/turn                (no ring)
MPRegen 0.09/turn                (no ring)

@: mighty, lethally poisoned (-2 -> -3), glowing
A: sense surroundings 1, otherworldly, glowing, explore regen
a: no special abilities


You were on level 4 of the Dungeon.
You visited 1 branch of the dungeon, and saw 4 of its levels.

You collected 50 gold pieces.

Inventory:

Hand Weapons
 a - a +0 long sword (weapon)
Missiles
 e - 24 stones
 g - 3 poisoned darts (quivered)
Armour
 b - a +0 scale mail (worn)
 c - a +0 buckler (worn)
Jewellery
 j - a ring of ice
Scrolls
 f - a scroll of identify {unknown}
 i - a scroll of noise {unknown}
Potions
 h - a potion of mutation {unknown}


   Skills:
 - Level 4.0 Fighting
 + Level 4.0 Long Blades
 - Level 3.6 Armour
 - Level 2.0 Dodging
 - Level 3.6 Shields


You had 3 spell levels left.
You didn't know any spells.
Your spell library was empty.

Dungeon Overview and Level Annotations

Branches:
Dungeon (4/15) Zot: 2010
 Temple: D:4-7

Altars:
Qazlal

Annotations:
D:3 dig vault


Innate Abilities, Weirdness & Mutations

You passively map a small area around you.
You are easily found by Zot.
You glow in the dark.
You regain HP and MP as you explore.


Message History

The killer bee attacks as you move away!
The killer bee barely misses you. The killer bee misses you.
The killer bee stings you. You block the killer bee's attack.
You barely miss the killer bee. The killer bee closely misses you.
The killer bee stings you.
The killer bee stings you but does no damage. x3
The killer bee misses you.
You hit the killer bee.
The killer bee is lightly wounded.
The killer bee stings you but does no damage.
The killer bee stings you.
You are poisoned.
The killer bee poisons you! You block the killer bee's attack.
The killer bee stings you but does no damage.
You feel very mighty all of a sudden.
You feel sick. The killer bee barely misses you.
The killer bee stings you but does no damage.
You block the killer bee's attack. The killer bee stings you.
Unknown command.
You miss the killer bee.
You feel sick. You block the killer bee's attack. The killer bee stings you.
The killer bee closely misses you. The killer bee stings you!
* * * LOW HITPOINT WARNING * * *
The killer bee misses you.
The killer bee stings you but does no damage.
You completely miss the killer bee.
You feel sick.
The killer bee stings you but does no damage.
You block the killer bee's attack. The killer bee closely misses you.
The killer bee stings you but does no damage.
You barely miss the killer bee.
You feel sick.
The killer bee stings you but does no damage.
The killer bee barely misses you. x2; The killer bee closely misses you.
The killer bee stings you!
* * * LOW HITPOINT WARNING * * *
The killer bee stings you but does no damage.
You barely miss the killer bee.
You feel sick. You block the killer bee's attack. The killer bee stings you.
* * * LOW HITPOINT WARNING * * *
You block the killer bee's attack. The killer bee stings you.
You die...

...............#
...(...........# ,
<........<....# , ..
...........####*, ...
, ............#
**..?. ......)....##
#.... * ...........##
#..... ,
............###......
.....##.....#@...#
............yy..##
....##.........## , ,
.... ###.#.....#
####...... * ##...###
, ##### ,


You could see 2 killer bees.

Vanquished Creatures
  An orc wizard (D:3)
  2 adders
  A worm (D:3)
  4 orcs (D:3)
  2 endoplasms (D:3)
  A goblin (D:4)
  A hobgoblin (D:2)
  3 kobolds
  A frilled lizard (D:2)
  A rat (D:2)
17 creatures vanquished.

Notes
Turn   | Place    | Note
-------+----------+-------------------------------------------
     0 | D:1      | tilp the Meteoran Fighter began the quest for the Orb.
     0 | D:1      | Reached XP level 1. HP: 19/19 MP: 2/2
    28 | D:2      | Reached skill level 1 in Dodging
    28 | D:2      | Reached XP level 2. HP: 17/26 MP: 3/3
   105 | D:3      | Found a stormy altar of Qazlal.
   227 | D:3      | Reached XP level 3. HP: 25/31 MP: 4/4
   254 | D:3      | Reached XP level 4. HP: 34/40 MP: 5/5
   369 | D:4      | Slain by a killer bee

Illustrated notes

Levels and vault maps discovered:
D:1:      amcnicky_arrival_choice, layout_loops_ring
D:2:      layout_basic, minmay_pentomino_p2
D:3:      layout_loops_ring, mainiacjoe_overflow_catwalk,
          shapermc_ecumenical_altar_totnotflames, due_unseen_surprise
D:4:      layout_cave_pools, amethyst_killhole

Skill      XL: |  1  2  3  4 |
---------------+-------------+-----
Dodging        | 1 2 |  2.0
Long Blades    | 3 4 |  4.0
Fighting       | 4 |  4.0
Armour         | |  3.6
Shields        | |  3.6

Action                     |  1- 3 |  4- 6 || total
---------------------------+-------+-------++-------
  Melee: Long sword        |    33 |    35 ||    68
  Throw: Dart              |       |     3 ||     3
    Use: Potion            |       |     1 ||     1
 Armour: Scale mail        |    17 |    20 ||    37
  Dodge: Dodged            |    13 |    25 ||    38
  Block: Buckler           |     3 |    12 ||    15

Table legend: (Time is in decaauts)
 A = Elapsed time spent in this place.
 B = Non-inter-level travel time spent in this place.
 C = Inter-level travel time spent in this place.
 D = Time resting spent in this place.
 E = Time spent auto-exploring this place.
 F = Levels seen in this place.
 G = Mean time per level.
                   A        B        C        D        E       F      G
               +--------+--------+--------+--------+--------+-----+--------+
         Total |    388 |    344 |     44 |      0 |      0 |   4 |   97.0 |
       Dungeon |    388 |    344 |     44 |      0 |      0 |   4 |   97.0 |
               +--------+--------+--------+--------+--------+-----+--------+

Top non-repeatable levels by time:
     D:3: 244 daAuts
     D:2: 107 daAuts
     D:4: 31 daAuts
     D:1: 5 daAuts
